 Dungeon Sprint DCSS version 0.29.1 (webtiles) character file.

Game seed: 806070782295030329

64828 rocky1 the Warrior (level 13, -2/134 HPs)
             Began as a Minotaur Gladiator on Sept 13, 2022.
             Was an Initiate of Gozag.
             Shot with a bolt by a yaktaur captain (24 damage)
             ... in the Dungeon (Sprint III: "The Ten Rune Challenge").
             The game lasted 00:51:22 (11748 turns).

rocky1 the Warrior (Minotaur Gladiator)            Turns: 11748, Time: 00:51:23

Health: -2/134     AC: 15    Str: 19    XL:     13   Next: 55%
Magic:  0/17       EV: 18    Int:  9    God:    Gozag
Gold:   1363       SH:  0    Dex: 22    Spells: 18/18 levels left

rFire   + . .      SeeInvis .   a - +8 scimitar "Isaj Ubi" {venom, *Noise Int+4 Dex+5}
rCold   + . .      Faith    .   (no shield)
rNeg    . . .      Spirit   +   v - +0 chain mail
rPois   .          Reflect  .   t - +0 hat {Stlth+}
rElec   .          Harm     .   m - +0 cloak
rCorr   .          Rampage  .   (no gloves)
Will    .....      NoTele   +   (no boots)
Stlth   +.........              c - amulet of guardian spirit
HPRegen 0.32/turn               (no ring)
MPRegen 0.15/turn               (no ring)

@: gold aura, flying
A: horns 2, retaliatory headbutt, cold resistance 1, fire resistance 1,
MP-powered wands
}: 2/10 runes: serpentine, barnacled
a: Renounce Religion, Potion Petition, Call Merchant, Bribe Branch


You were in the Dungeon.
You worshipped Gozag.
Gozag was most pleased with you.
You visited 1 branch You collected 13876 gold pieces.
You spent 4268 gold pieces at shops.
You paid 8245 gold pieces to Gozag.

Inventory:

Hand Weapons
 a - the +8 scimitar "Isaj Ubi" (weapon) {venom, *Noise Int+4 Dex+5}
   (You bought it in a shop in the Dungeon)

   It poisons the flesh of those it strikes.
   Int:       It affects your intelligence (+4).
   Dex:       It affects your dexterity (+5).
   *Noise:    It may make noises in combat.
 b - a +3 shortbow
 w - the +8 flail "Gean" {pain, rPois rC+ Str-4}
   (You bought it in a shop in the Dungeon)

   In the hands of one skilled in necromantic magic, it inflicts extra damage on
   living creatures.
   Str:       It affects your strength (-4).
   rC:        It protects you from cold.
   rPois:     It protects you from poison.
 x - a +0 longbow
 z - a +1 scimitar of flaming
 A - the +4 long sword of Karma {holy, Str+3}
   (You bought it in a shop in the Dungeon)

   It has been blessed by the Shining One to cause great damage to the undead
   and demons.
   Str:       It affects your strength (+3).
 F - a +3 battleaxe of freezing
 J - a +3 broad axe of flaming
 K - the +11 flail of Gravity {vamp, Drain +Blink rC+}
   (You bought it in a shop in the Dungeon)

   It occasionally heals its wielder for a portion of the damage dealt when it
   wounds a living foe.
   rC:        It protects you from cold.
   +Blink:    It lets you blink.
   Drain:     It drains your maximum health when unequipped.
Missiles
 d - a throwing net
 e - 6 javelins (quivered)
 g - 7 curare-tipped darts
 u - 2 boomerangs
Armour
 m - a +0 cloak (worn)
 t - a +0 hat of stealth (worn)
 v - a +0 chain mail (worn)
 y - a +1 kite shield of reflection
Jewellery
 c - an amulet of guardian spirit (around neck)
 k - a +6 ring of strength
 H - a ring of ice
Scrolls
 n - a scroll of immolation
 q - a scroll of poison
 C - 5 scrolls of fear {unknown}
 G - 2 scrolls of identify
Potions
 f - a potion of might
 h - 5 potions of haste
 i - 2 potions of magic
 l - a potion of brilliance
 o - 9 potions of curing
 p - 4 potions of flight
 r - 6 potions of mutation
 s - 2 potions of heal wounds
 B - 2 potions of ambrosia
 D - a potion of cancellation {unknown}
 E - a potion of resistance {unknown}
Miscellaneous
 j - a tin of tremorstones (2/2)
 I - a phantom mirror


   Skills:
 + Level 17.6 Fighting
 - Level 14.0 Long Blades
 - Level 13.0 Maces & Flails
 + Level 17.4 Ranged Weapons
 - Level 6.0 Throwing
 + Level 16.2 Armour
 + Level 16.9 Dodging
 - Level 3.4 Stealth
 - Level 3.4 Spellcasting
 - Level 3.7 Necromancy
 + Level 13.3 Evocations


You had 18 spell levels left.
You didn't know any spells.
Your spell library contained the following spells:

 Spells                   Type           Power      Damage    Failure   Level
 Sandblast                Erth           2%         2d4       83%         1
 Passwall                 Tmut/Erth      0%         N/A       93%         2
 Dazzling Flash           Conj/Hex       2%         N/A       99%         3
 Stone Arrow              Conj/Erth      2%         3d7       99%         3
 Iskenderun's Mystic Bla  Conj/Tloc      1%         2d3       100%        4
 Starburst                Conj/Fire      0%         6d3       100%        6


Dungeon Overview and Level Annotations

Branches:
Dungeon (1/1)

Altars:
Cheibriados
Dithmenos
Elyvilon
Fedhas
Gozag
Hepliaklqana
Kikubaaqudgha
Makhleb
Nemelex Xobeh
Okawaru
Qazlal
Ru
Sif Muna
Trog
Uskayaw
Vehumet
Wu Jian
Xom
Yredelemnul
Zin
The Shining One
Jiyva
Lugonu

Shops:
D !:[=[![((*


Innate Abilities, Weirdness & Mutations

You have a pair of horns on your head.
You reflexively headbutt those who attack you in melee.
Your flesh is cold resistant. (rC+)
Your flesh is heat resistant. (rF+)
You expend magic power (3 MP) to strengthen your wands.


Message History

The yaktaur shoots a bolt.
The bolt closely misses you.
The yaktaur unwields a +0 arbalest.
The yaktaur barely misses you. You furiously retaliate!
You headbutt the yaktaur. You slash the yaktaur!
The yaktaur looks as sick as possible!
You headbutt the yaktaur, but do no damage.
The yaktaur is moderately wounded.
The yaktaur shoots a bolt.
The bolt misses you.
The yaktaur captain shoots a bolt.
The bolt hits you!! The yaktaur misses you.
You slice the yaktaur!!
The yaktaur is severely wounded.
You slash the yaktaur!
You kill the yaktaur!
You now have 1363 gold pieces (gained 189).
You see here a +0 arbalest.
A yaktaur comes into view.
The yaktaur shouts!
The yaktaur captain shoots a bolt.
The bolt hits you!
The yaktaur shoots a bolt.
The bolt hits you!!
Found 10 scrolls of identify.
The floating eye turns its gaze towards you.
The yaktaur unwields a +0 arbalest.
The yaktaur closely misses you. You furiously retaliate!
You headbutt the yaktaur! You hit the yaktaur.
The yaktaur is poisoned.
You headbutt the yaktaur!
The yaktaur is heavily wounded.
The yaktaur captain shoots a bolt.
The bolt hits you! The yaktaur hits you!
You hit the yaktaur.
The yaktaur looks as sick as possible!
The yaktaur is severely wounded.
The yaktaur captain shoots a bolt.
The bolt closely misses you.
The yaktaur hits you but does no damage.
You slice the yaktaur!!
You kill the yaktaur!
The yaktaur is distracted by your dazzling golden aura.
Unknown command.
The yaktaur captain shoots a bolt.
The bolt hits you!
The yaktaur shouts!
The yaktaur captain shoots a bolt.
The bolt hits you!!
* * * LOW HITPOINT WARNING * * *
The yaktaur captain shoots a bolt.
The bolt hits you!!
You die...
Your body crumbles into a pile of gold.

§§#.#.#...#.#.#.#.#...~≈≈≈#
..#...#...##.#.#.##...~~~~#
▓▓▓▓▓▓▓▓▓▓#.#.#.#.#.......#
!.).~~~...##.#.#.##.......#
≈≈≈≈≈≈♣♣..')#.#.#.#.......#
♣♣♣♣♣♣♣♣..##)#.#.##########
♣♣♣##'########
♣♣♣♣♣♣♣♣♣♣#...).≈≈≈≈#
~~~~≈..#))#...#.@§≈§#
~~~≈...#○☼#...#.#≈§§##
~~~≈≈####☼#####.#)≈§§##
~~....°○☼○#.....###≈≈≈≈≈≈≈
≈.[(#######.....#G#$≈≈≈§≈§
$
...#......#.....#+###§≈§§≈≈
...#♣♣♣._.#.....# c≈§§≈≈
###########'#####§° #≈≈##
........###.§☼§☼§☼☼ c##


You could see a yaktaur captain.

Vanquished Creatures
  Rupert (D)
  A kraken (D)
  Frances (D)
  Gastronok (D)
  Donald (D)
  4 azure jellies (D)
  A nagaraja (D)
  2 dire elephants (D)
  2 hydras (D)
  An anaconda (D)
  Erica (D)
  A naga warrior (D)
  A centaur warrior (D)
  Urug (D)
  4 orc high priests (D)
  4 death yaks (D)
  A spriggan druid (D)
  A lindwurm (D)
  2 deep elf pyromancers (D)
  A death drake (D)
  4 deep elf zephyrmancers (D)
  A guardian serpent (D)
  7 black mambas (D)
  2 elephants (D)
  An unseen horror (D)
  2 cane toads (D)
  A komodo dragon (D)
  2 yaktaurs (D)
  A rime drake (D)
  A queen bee (D)
  3 wandering mushrooms (D)
  2 tyrant leeches (D)
  8 blink frogs (D)
  6 snapping turtles (D)
  2 spriggans (D)
  A shadow (D)
  3 redbacks (D)
  2 nagas (D)
  A spatial vortex (D)
  5 water moccasins (D)
  A hydra simulacrum (D)
  A swamp drake (D)
  2 orc warriors (D)
  2 fire dragon simulacra (D)
  2 centaurs (D)
  An earth elemental (D)
  A necrophage (D)
  A water elemental (D)
  32 killer bees (D)
  An electric eel (D)
  Crazy Yiuf (D)
  A jelly (D)
  4 orc priests (D)
  A wizard (D)
  3 orc wizards (D)
  A necromancer (D)
  A polar bear simulacrum (D)
  3 humans (D)
  A kobold demonologist (D)
  2 adders (D)
  8 orcs (D)
  An endoplasm (D)
  3 rats (D)
  4 tentacles (D)
165 creatures vanquished.

Vanquished Creatures (others)
  A hornet (D)
  An orc priest (D)
  4 ball lightnings (D)
  4 ballistomycete spores (D)
  A fungus (D)
  48 plants (D)
  3 tentacles (D)
62 creatures vanquished.

Grand Total: 227 creatures vanquished

Notes
Turn   | Place    | Note
-------+----------+-------------------------------------------
     0 | D        | rocky1 the Minotaur Gladiator began the quest for the Orb.
     0 | D        | Reached XP level 1. HP: 18/18 MP: 0/0
   123 | D        | Reached skill level 5 in Long Blades
   123 | D        | Reached XP level 2. HP: 10/26 MP: 1/1
   321 | D        | Noticed Crazy Yiuf
   329 | D        | Killed Crazy Yiuf
   330 | D        | Reached skill level 1 in Armour
   330 | D        | Reached skill level 5 in Dodging
   330 | D        | Reached XP level 3. HP: 33/33 MP: 2/2
   366 | D        | Gained mutation: You are frail. (-10% HP) [potion of
                  | mutation]
   367 | D        | Lost mutation: You are frail. (-10% HP) [potion of
                  | mutation]
   367 | D        | Gained mutation: Your flesh is heat resistant. (rF+)
                  | [potion of mutation]
   367 | D        | Gained mutation: Your flesh is cold resistant. (rC+)
                  | [potion of mutation]
   367 | D        | Gained mutation: You expend magic power (3 MP) to
                  | strengthen your wands. [potion of mutation]
   405 | D        | Noticed a water elemental
   408 | D        | Killed a water elemental
   409 | D        | Reached skill level 1 in Stealth
   409 | D        | Reached XP level 4. HP: 41/41 MP: 3/3
   639 | D        | Found a radiant altar of Vehumet.
   639 | D        | Found a shimmering blue altar of Sif Muna.
   639 | D        | Found an ancient bone altar of Kikubaaqudgha.
   639 | D        | Noticed a wizard
   642 | D        | Killed a wizard
   643 | D        | Reached XP level 5. HP: 45/47 MP: 4/4
   838 | D        | Found a glowing silver altar of Zin.
   838 | D        | Found a glowing golden altar of the Shining One.
   838 | D        | Found a white marble altar of Elyvilon.
   850 | D        | Noticed a shadow
   856 | D        | Killed a shadow
   857 | D        | Reached skill level 5 in Fighting
   857 | D        | Reached skill level 10 in Long Blades
   857 | D        | Reached XP level 6. HP: 37/56 MP: 5/5
  1009 | D        | Found a blossoming altar of Fedhas.
  1009 | D        | Found a stormy altar of Qazlal.
  1009 | D        | Found a snail-covered altar of Cheibriados.
  1009 | D        | Found a burning altar of Makhleb.
  1009 | D        | Found a shimmering altar of Xom.
  1009 | D        | Noticed a spatial vortex
  1222 | D        | Found a hazy altar of Hepliaklqana.
  1222 | D        | Found an opulent altar of Gozag.
  1222 | D        | Found a sparkling altar of Nemelex Xobeh.
  1222 | D        | Found a corrupted altar of Lugonu.
  1222 | D        | Found a viscous altar of Jiyva.
  1227 | D        | Killed a spatial vortex
  1233 | D        | Became a worshipper of Gozag Ym Sagoz the Greedy
  1251 | D        | Found a basalt altar of Yredelemnul.
  1251 | D        | Found a shadowy altar of Dithmenos.
  1251 | D        | Found a sacrificial altar of Ru.
  1264 | D        | Reached skill level 1 in Evocations
  1266 | D        | Reached XP level 7. HP: 34/62 MP: 6/6
  1414 | D        | Found a hide-covered altar of Uskayaw.
  1414 | D        | Found an iron altar of Okawaru.
  1414 | D        | Found a bloodstained altar of Trog.
  1414 | D        | Found an ornate altar of the Wu Jian Council.
  1414 | D        | Noticed a human
  1414 | D        | Noticed a human
  1438 | D        | Killed a human
  1450 | D        | Killed a human
  1514 | D        | Noticed a deep elf pyromancer
  1526 | D        | Killed a deep elf pyromancer
  1527 | D        | Reached XP level 8. HP: 60/70 MP: 7/7
  1578 | D        | Noticed Erica
  1588 | D        | Killed Erica
  1589 | D        | Reached skill level 5 in Armour
  1730 | D        | Noticed an orc high priest
  1749 | D        | Noticed a red devil
  1771 | D        | Killed an orc high priest
  1772 | D        | Reached skill level 10 in Dodging
  1772 | D        | Reached XP level 9. HP: 69/82 MP: 8/8
  1939 | D        | Reached skill level 10 in Evocations
  2072 | D        | Noticed an orc high priest
  2076 | D        | Killed an orc high priest
  2077 | D        | Reached skill level 10 in Fighting
  2077 | D        | Reached skill level 5 in Throwing
  2136 | D        | Found Xujeefur's Weapon Shop.
  2278 | D        | Bought the +8 flail "Gean" {pain, rPois rC+ Str-4} for 819
                  | gold pieces
  2288 | D        | Noticed a deep elf zephyrmancer
  2288 | D        | Noticed a deep elf zephyrmancer
  2288 | D        | Noticed a deep elf zephyrmancer
  2288 | D        | Noticed a deep elf pyromancer
  2288 | D        | Noticed a deep elf zephyrmancer
  2303 | D        | Killed a deep elf pyromancer
  2308 | D        | Killed a deep elf zephyrmancer
  2309 | D        | Reached skill level 10 in Armour
  2309 | D        | Reached XP level 10. HP: 96/96 MP: 9/9
  2311 | D        | Killed a deep elf zephyrmancer
  2312 | D        | Killed a deep elf zephyrmancer
  2318 | D        | Killed a deep elf zephyrmancer
  2582 | D        | Noticed a deep elf annihilator
  2586 | D        | Noticed a deep elf demonologist
  2804 | D        | Noticed a centaur warrior
  2811 | D        | Killed a centaur warrior
  2812 | D        | Reached skill level 1 in Spellcasting
  2812 | D        | Reached skill level 1 in Necromancy
  3283 | D        | Reached skill level 1 in Ranged Weapons
  3429 | D        | Noticed Donald
  3429 | D        | Noticed Frances
  3442 | D        | Noticed a sixfirhy
  3442 | D        | Noticed a sun demon
  3448 | D        | Killed Frances
  3449 | D        | Reached skill level 5 in Maces & Flails
  3449 | D        | Reached XP level 11. HP: 27/107 MP: 12/14
  3457 | D        | Killed Donald
  3925 | D        | Reached skill level 5 in Ranged Weapons
  4119 | D        | HP: 5/108 [poison (dark miasma)]
  4509 | D        | Noticed a yaktaur captain
  5132 | D        | Reached skill level 10 in Maces & Flails
  5562 | D        | Bought a crystal scimitar for 306 gold pieces
  5562 | D        | Identified the +8 scimitar "Isaj Ubi" {venom, *Noise Int+4
                  | Dex+5} (You bought it in a shop in the Dungeon)
  5562 | D        | Bought a steaming long sword for 289 gold pieces
  5562 | D        | Identified the +4 long sword of Karma {holy, Str+3} (You
                  | bought it in a shop in the Dungeon)
  5575 | D        | Bought a potion of might for 52 gold pieces
  5575 | D        | Bought a potion of curing for 39 gold pieces
  5575 | D        | Bought a potion of degeneration for 13 gold pieces
  5575 | D        | Bought a potion of curing for 39 gold pieces
  5575 | D        | Bought a potion of curing for 39 gold pieces
  5575 | D        | Bought a potion of ambrosia for 104 gold pieces
  5575 | D        | Bought a potion of curing for 39 gold pieces
  5575 | D        | Bought a potion of curing for 39 gold pieces
  5575 | D        | Bought a potion of flight for 39 gold pieces
  5575 | D        | Bought a potion of heal wounds for 65 gold pieces
  5599 | D        | Reached skill level 10 in Ranged Weapons
  5610 | D        | Noticed a lindwurm
  5618 | D        | Killed a lindwurm
  5840 | D        | Noticed Urug
  5851 | D        | HP: 5/108 [Urug/+1 broad axe of electrocution (15)]
  5854 | D        | Killed Urug
  6187 | D        | Noticed a six-headed hydra
  6187 | D        | Noticed an eight-headed hydra
  6198 | D        | Killed a five-headed hydra
  6201 | D        | Killed a three-headed hydra
  6415 | D        | Reached XP level 12. HP: 116/116 MP: 16/16
  6572 | D        | Noticed a dire elephant
  6572 | D        | Noticed a dire elephant
  6609 | D        | Killed a dire elephant
  6938 | D        | Noticed Gastronok
  6952 | D        | Killed Gastronok
  6965 | D        | Killed a dire elephant
  6966 | D        | Reached skill level 15 in Ranged Weapons
  7184 | D        | Noticed an azure jelly
  7185 | D        | Noticed an azure jelly
  7185 | D        | Noticed an azure jelly
  7194 | D        | Noticed an azure jelly
  7197 | D        | Noticed Rupert
  7199 | D        | Paralysed by Rupert for 3 turns
  7209 | D        | Paralysed by Rupert for 3 turns
  7221 | D        | Paralysed by Rupert for 2 turns
  7222 | D        | Killed Rupert
  7223 | D        | Reached skill level 15 in Fighting
  7383 | D        | Noticed a death yak
  7383 | D        | Noticed a death yak
  7397 | D        | Noticed a death yak
  7400 | D        | Noticed a death yak
  7406 | D        | Killed a death yak
  7413 | D        | Killed a death yak
  7423 | D        | Killed a death yak
  7424 | D        | Reached skill level 15 in Dodging
  7431 | D        | Killed a death yak
  7827 | D        | HP: 6/122 [poison (dark miasma)]
  8267 | D        | Found a blossoming altar of Fedhas.
  9051 | D        | Reached XP level 13. HP: 100/130 MP: 14/17
  9184 | D        | Bought the +11 flail of Gravity {vamp, Drain +Blink rC+}
                  | for 1213 gold pieces
  9184 | D        | Bought a potion of mutation for 120 gold pieces
  9268 | D        | Reached skill level 15 in Armour
  9374 | D        | Noticed a nagaraja
  9395 | D        | Killed a nagaraja
  9416 | D        | Found Votelast's Jewellery Shop.
  9416 | D        | Found Yzual's Antique Armour Shoppe.
  9423 | D        | Found Lerghej's Distillery.
  9636 | D        | Bought a potion of curing for 39 gold pieces
  9636 | D        | Bought a potion of curing for 39 gold pieces
  9636 | D        | Bought a potion of heal wounds for 65 gold pieces
  9636 | D        | Bought a potion of curing for 39 gold pieces
  9636 | D        | Bought a potion of might for 52 gold pieces
  9636 | D        | Bought a potion of heal wounds for 65 gold pieces
  9636 | D        | Bought a potion of flight for 39 gold pieces
  9652 | D        | Got a serpentine rune of Zot
 10105 | D        | Noticed a kraken
 10133 | D        | Killed a kraken
 10331 | D        | Found Ammouh's Antique Armour Shop.
 10331 | D        | Found Cyaph's Book Boutique.
 10331 | D        | Found Sofaurph's Distillery.
 11134 | D        | Got a barnacled rune of Zot
 11137 | D        | Bought a potion of haste for 130 gold pieces
 11137 | D        | Bought a potion of curing for 39 gold pieces
 11137 | D        | Bought a potion of haste for 130 gold pieces
 11137 | D        | Bought a potion of curing for 39 gold pieces
 11137 | D        | Bought a potion of mutation for 104 gold pieces
 11137 | D        | Bought a potion of curing for 39 gold pieces
 11137 | D        | Bought a potion of haste for 130 gold pieces
 11137 | D        | Bought a potion of heal wounds for 65 gold pieces
 11137 | D        | Bought a potion of curing for 39 gold pieces
 11184 | D        | Killed an azure jelly
 11188 | D        | Killed an azure jelly
 11195 | D        | Killed an azure jelly
 11202 | D        | Killed an azure jelly
 11748 | D        | Shot with a bolt by a yaktaur captain

Illustrated notes

Levels and vault maps discovered:
D:        dungeon_sprint_mu [sprint_mu_entry_cave, sprint_mu_temple_rooms,
          sprint_mu_d1_horrors, sprint_mu_d2_genie, sprint_mu_d3_branching,
          sprint_mu_orc_legion, sprint_mu_elf_gauntlet, sprint_mu_hive_nellie,
          sprint_mu_lair_fedhas, sprint_mu_vaults_butterflies,
          sprint_mu_slime_circle, sprint_mu_shoals_kraken,
          sprint_mu_snake_twists, sprint_mu_blade_basic,
          sprint_mu_crypt_fortress, sprint_mu_tomb_spiral,
          sprint_mu_vestibule_basic, sprint_mu_gehenna_hellfire,
          sprint_mu_dis_giant, sprint_mu_tartarus_statrot,
          sprint_mu_cocytus_islands, sprint_mu_zot1]

Skill      XL: |  1  2  3  4  5  6  7  8  9 10 11 12 13 |
---------------+----------------------------------------+-----
Long Blades    | 5 6 7 8 10 12 14 | 14.0
Fighting       | 3 4 5 8 11 13 16 17 | 17.6
Dodging        | 4 5 6 8 10 12 13 15 16 | 16.9
Armour         | 1 2 3 7 10 11 12 14 16 | 16.2
Throwing       | 3 4 6 |  6.0
Stealth        | 1 2 3 |  3.4
Evocations     | 1 8 9 10 12 13 | 13.3
Maces & Flails | 5 11 13 | 13.0
Spellcasting   | 2 3 |  3.4
Necromancy     | 3 |  3.7
Ranged Weapons | 3 14 16 17 | 17.4

Action                   |  1- 3 |  4- 6 |  7- 9 | 10-12 | 13-15 || total
-------------------------+-------+-------+-------+-------+-------++-------
Melee: Long sword        |    26 |    27 |    31 |       |       ||    84
       Headbutt          |     5 |    11 |    22 |   102 |    33 ||   173
       Punch             |       |       |     1 |    12 |       ||    13
       Scimitar          |       |       |    55 |   331 |   143 ||   529
       Flail             |       |       |       |   108 |       ||   108
 Fire: Shortbow          |       |       |       |    17 |       ||    17
Throw: Throwing net      |     4 |       |     2 |       |       ||     6
       Javelin           |       |       |     1 |       |     6 ||     7
       Boomerang         |       |       |    11 |     4 |       ||    15
       Dart              |       |       |       |     9 |       ||     9
Invok: Potion Petition   |       |       |     1 |     6 |     2 ||     9
       Call Merchant     |       |       |       |     3 |     1 ||     4
  Use: Potion            |     3 |       |       |     7 |     5 ||    15
       Scroll            |       |       |       |     4 |       ||     4
 Stab: Sleeping          |     1 |     2 |     1 |       |       ||     4
       Held in net/web   |     2 |       |     1 |       |       ||     3
       Invisible         |       |       |       |    12 |       ||    12
       Distracted        |       |       |       |     1 |       ||     1
Armor: Leather armour    |     1 |     1 |     3 |       |       ||     5
       Skin              |       |       |     4 |    10 |       ||    14
       Chain mail        |       |       |       |   147 |    62 ||   209
Dodge: Dodged            |    11 |     6 |    22 |   245 |   114 ||   398
